 Dungeon Crawl Stone Soup version 0.28.0 (webtiles) character file.

Game seed: 9261380039425096184

115 Sanktem7 the Conjurer (level 5, -1/37 HPs)
             Began as a Gnoll Conjurer on Feb 8, 2022.
             Slain by a goblin (6 damage)
             ... led by Robin
             ... on level 3 of the Dungeon.
             The game lasted 00:05:37 (2251 turns).

Sanktem7 the Conjurer (Gnoll Conjurer)              Turns: 2251, Time: 00:05:37

Health: -1/37      AC:  3    Str:  7    XL:     5   Next: 0%
Magic:  0/12       EV: 12    Int: 19    God:
Gold:   53         SH:  0    Dex: 10    Spells: 11/14 levels left

rFire   . . .      SeeInvis .   i - +1 dagger (venom)
rCold   . . .      Faith    .   (no shield)
rNeg    . . .      Spirit   .   f - +0 leather armour
rPois   .          Reflect  .   (no helmet)
rElec   .          Harm     .   (no cloak)
rCorr   .          Rampage  .   (no gloves)
Will    .....                   (no boots)
Stlth   ++........              (no amulet)
HPRegen 0.12/turn               (no ring)
MPRegen 0.13/turn               (no ring)

@: no status effects
A: fangs 1, strong nose, distributed training
a: no special abilities


You were on level 3 of the Dungeon.
You visited 1 branch of the dungeon, and saw 3 of its levels.

You collected 53 gold pieces.

Inventory:

Hand Weapons
 i - a +1 dagger of venom (weapon)
Armour
 a - a +0 robe
 f - a +0 leather armour (worn)
Jewellery
 e - an amulet of guardian spirit
Scrolls
 b - a scroll of identify {unknown}
 j - a scroll of fog {unknown}
Potions
 c - 2 potions of lignification {unknown}
 d - a potion of flight {unknown}
 g - a potion of curing {unknown}
 h - a potion of cancellation {unknown}


   Skills:
 + Level 1.3 Fighting
 + Level 1.3 Short Blades
 + Level 1.3 Long Blades
 + Level 1.3 Axes
 + Level 1.3 Maces & Flails
 + Level 1.3 Polearms
 + Level 1.3 Staves
 + Level 1.3 Slings
 + Level 1.3 Bows
 + Level 1.3 Crossbows
 + Level 1.3 Throwing
 + Level 1.3 Armour
 + Level 4.7 Dodging
 + Level 4.3 Stealth
 + Level 1.3 Shields
 + Level 1.3 Unarmed Combat
 + Level 5.1 Spellcasting
 + Level 7.1 Conjurations
 + Level 1.0 Hexes
 + Level 1.0 Summonings
 + Level 1.0 Necromancy
 + Level 1.0 Translocations
 + Level 1.0 Transmutations
 + Level 1.0 Fire Magic
 + Level 1.0 Ice Magic
 + Level 1.0 Air Magic
 + Level 1.0 Earth Magic
 + Level 1.0 Poison Magic
 + Level 1.4 Invocations
 + Level 1.3 Evocations


You had 11 spell levels left.
You knew the following spells:

 Your Spells              Type           Power      Damage    Failure   Level
a - Magic Dart            Conj           100%       1d8       1%          1
b - Searing Ray           Conj           64%        2d6       1%          2

Your spell library contained the following spells:

 Spells                   Type           Power      Damage    Failure   Level
 Dazzling Flash           Conj/Hex       40%        N/A       10%         3
 Stone Arrow              Conj/Erth      40%        3d9       10%         3
 Sandblast                Erth           18%        2d7       12%         1
 Passwall                 Tmut/Erth      7%         N/A       17%         2
 Fulminant Prism          Conj/Hex       10%        3d9       32%         4
 Iskenderun's Mystic Bla  Conj/Tloc      20%        2d6       32%         4


Dungeon Overview and Level Annotations

Branches:
Dungeon (3/15)

Altars:
Vehumet

Annotations:
D:3 Robin


Innate Abilities, Weirdness & Mutations

You have very sharp teeth.
Your uncanny sense of smell can sniff out nearby items.
Your experience applies equally to all skills.


Message History

Robin throws the goblin at you!
* * * LOW HITPOINT WARNING * * *
The goblin closely misses you.
Casting: Magic Dart (safe; 1% risk of failure)
Confirm with . or Enter, or press ? or * to list all spells.
You don't have enough magic to cast this spell.
Casting: Magic Dart (safe; 1% risk of failure)
Confirm with . or Enter, or press ? or * to list all spells.
You don't have enough magic to cast this spell.
Robin throws the goblin at you! The goblin hits you but does no damage.
The goblin completely misses you.
You hit the goblin. You bite the goblin.
The goblin is severely wounded.
The goblin hits you with a +0 club.
* * * LOW HITPOINT WARNING * * *
Casting: Magic Dart (safe; 1% risk of failure)
Confirm with . or Enter, or press ? or * to list all spells.
Aiming: Magic Dart (safe; 1% risk of failure)
Press: ? - help, Shift-Dir - straight line, f/p - Robin
Aim: Robin, wielding a +0 club, wearing a +0 animal skin and wearing a +0 helmet (moderately wounded, 100% to hit)
The magic dart hits Robin.
Robin is heavily wounded.
The goblin barely misses you. The goblin hits you but does no damage.
The goblin closely misses you. The goblin hits you but does no damage.
The goblin hits you but does no damage.
The goblin unwields a +0 club.
The goblin wields a +0 hunting sling.
The goblin shoots a stone.
The stone barely misses you.
Robin roars a battlecry!
The goblins go into a battle-frenzy!
Casting: Magic Dart (safe; 1% risk of failure)
Confirm with . or Enter, or press ? or * to list all spells.
You don't have enough magic to cast this spell.
Casting: Magic Dart (safe; 1% risk of failure)
Confirm with . or Enter, or press ? or * to list all spells.
You don't have enough magic to cast this spell.
Robin throws the goblin at you!
* * * LOW HITPOINT WARNING * * *
The goblin shoots a stone.
The stone barely misses you. The goblin hits you with a +0 club.
You die...

#...#####...#
+......^....
#..........#
+..........#
..........#
........#
#.#+#.g....# ∆
..#.#.#.@....#
###.#.#...g#####
..#(#.#....##
#.#.#.#..g..#
#.#.#.#....g#
#.#.#.#.....#
#.#.#'#...[.#
#.#<...##...#
#####'#....##...##


You could see Robin, a hobgoblin (strong) and 2 goblins.

Vanquished Creatures
  Natasha (D:2)
  An adder (D:2)
  4 worms (D:2)
  A dart slug (D:1)
  8 ball pythons
  8 endoplasms
  A giant cockroach (D:2)
  12 goblins
  4 hobgoblins
  2 jackals (D:1)
  3 quokkas
  3 bats (D:1)
  2 frilled lizards
  7 kobolds
  2 rats (D:2)
59 creatures vanquished.

Vanquished Creatures (others)
  2 fungi (D:1)
2 creatures vanquished.

Grand Total: 61 creatures vanquished

Notes
Turn   | Place    | Note
-------+----------+-------------------------------------------
     0 | D:1      | Sanktem7 the Gnoll Conjurer began the quest for the Orb.
     0 | D:1      | Reached XP level 1. HP: 13/13 MP: 6/6
   151 | D:1      | Reached XP level 2. HP: 19/19 MP: 4/7
   154 | D:1      | Learned a level 2 spell: Searing Ray
   592 | D:1      | Reached XP level 3. HP: 25/25 MP: 7/9
   636 | D:1      | Reached skill level 5 in Spellcasting
  1228 | D:2      | Found a radiant altar of Vehumet.
  1300 | D:2      | Reached skill level 1 in Invocations
  1512 | D:2      | Noticed Natasha
  1516 | D:2      | Reached skill level 1 in Fighting
  1516 | D:2      | Reached skill level 1 in Short Blades
  1516 | D:2      | Reached skill level 1 in Long Blades
  1516 | D:2      | Reached skill level 1 in Axes
  1516 | D:2      | Reached skill level 1 in Maces & Flails
  1516 | D:2      | Reached skill level 1 in Polearms
  1516 | D:2      | Reached skill level 1 in Staves
  1516 | D:2      | Reached skill level 1 in Slings
  1516 | D:2      | Reached skill level 1 in Bows
  1516 | D:2      | Reached skill level 1 in Crossbows
  1516 | D:2      | Reached skill level 1 in Throwing
  1516 | D:2      | Reached skill level 1 in Armour
  1516 | D:2      | Reached skill level 1 in Shields
  1516 | D:2      | Reached skill level 1 in Unarmed Combat
  1516 | D:2      | Reached skill level 1 in Evocations
  1520 | D:2      | Reached XP level 4. HP: 28/32 MP: 3/11
  1521 | D:2      | Killed Natasha
  1675 | D:2      | Reached skill level 1 in Hexes
  1675 | D:2      | Reached skill level 1 in Summonings
  1675 | D:2      | Reached skill level 1 in Necromancy
  1675 | D:2      | Reached skill level 1 in Translocations
  1675 | D:2      | Reached skill level 1 in Transmutations
  1675 | D:2      | Reached skill level 1 in Fire Magic
  1675 | D:2      | Reached skill level 1 in Ice Magic
  1675 | D:2      | Reached skill level 1 in Air Magic
  1675 | D:2      | Reached skill level 1 in Earth Magic
  1675 | D:2      | Reached skill level 1 in Poison Magic
  2216 | D:3      | Noticed Robin
  2239 | D:3      | Reached XP level 5. HP: 14/37 MP: 1/12
  2251 | D:3      | Slain by a goblin

Illustrated notes

Levels and vault maps discovered:
D:1:      dpeg_cavernosity, layout_loops_ring
D:2:      layout_loops_cross, basic_altar, uniq_natasha
D:3:      layout_basic, nicolae_overflow_ecumenical_swirl, st_stairs_4,
          uniq_robin, uniq_jessica

Skill      XL: |  1  2  3  4 |
---------------+-------------+-----
Spellcasting   | 5 |  5.1
Invocations    | 1 |  1.4
Fighting       | 1 |  1.3
Short Blades   | 1 |  1.3
Long Blades    | 1 |  1.3
Axes           | 1 |  1.3
Maces & Flails | 1 |  1.3
Polearms       | 1 |  1.3
Staves         | 1 |  1.3
Slings         | 1 |  1.3
Bows           | 1 |  1.3
Crossbows      | 1 |  1.3
Throwing       | 1 |  1.3
Armour         | 1 |  1.3
Shields        | 1 |  1.3
Unarmed Combat | 1 |  1.3
Evocations     | 1 |  1.3
Hexes          | 1 |  1.0
Summonings     | 1 |  1.0
Necromancy     | 1 |  1.0
Translocations | 1 |  1.0
Transmutations | 1 |  1.0
Fire Magic     | 1 |  1.0
Ice Magic      | 1 |  1.0
Air Magic      | 1 |  1.0
Earth Magic    | 1 |  1.0
Poison Magic   | 1 |  1.0
Dodging        | |  4.7
Stealth        | |  4.3
Conjurations   | |  7.1

Action                   |  1- 3 |  4- 6 || total
-------------------------+-------+-------++-------
Melee: Unarmed           |    15 |       ||    15
       Bite              |     1 |     1 ||     2
       Dagger            |       |     3 ||     3
 Cast: Magic Dart        |    66 |    39 ||   105
       Searing Ray       |     1 |       ||     1
  Use: Scroll            |     2 |       ||     2
Armor: Robe              |     1 |       ||     1
       Leather armour    |       |    11 ||    11
Dodge: Dodged            |     7 |    29 ||    36
